 Dungeon Crawl Stone Soup version 0.23.2-1-ga50397a (webtiles) character file.

Game seed: 8170107434604689732

483 IBeShadow the Bolt Thrower (level 7, -1/44 HPs)
             Began as a Kobold Hunter on Apr 26, 2019.
             Slain by Duvessa
             ... wielding a +2 rapier of speed
              (14 damage)
             ... on level 3 of the Dungeon.
             The game lasted 00:09:59 (4410 turns).

IBeShadow the Bolt Thrower (Kobold Hunter)          Turns: 4410, Time: 00:10:00

Health: -1/44      AC:  5    Str: 12    XL:     7   Next: 34%
Magic:  7/7        EV: 14    Int: 12    God:
Gold:   131        SH:  0    Dex: 15    Spells: 6/6 levels left

rFire    . . .     SeeInvis .   a - +1 hand crossbow
rCold    + . .     Gourm    .   (shield restricted)
rNeg     . . .     Faith    .   c - +0 leather armour
rPois    .         Spirit   .   e - +2 hat
rElec    .         Reflect  .   (no cloak)
rCorr    .         Harm     .   (no gloves)
MR       +....                  (no boots)
Stlth    ++........             (no amulet)
HPRegen  0.14/turn              j - ring of protection from magic
MPRegen  0.10/turn              u - ring of protection from cold

@: lightly drained
A: small, carnivore
a: no special abilities


You were on level 3 of the Dungeon.
You were full.

You visited 1 branch of the dungeon, and saw 4 of its levels.

You collected 131 gold pieces.

Inventory:

Hand Weapons
 a - a +1 hand crossbow (weapon)
 b - a +0 short sword
 q - a +4 quarterstaff of chaos
Missiles
 d - 5 bolts (quivered)
Armour
 c - a +0 leather armour (worn)
 e - a +2 hat (worn)
 m - a cursed +0 cloak
Jewellery
 j - a ring of protection from magic (left hand)
 u - a ring of protection from cold (right hand)
Scrolls
 g - a scroll of enchant armour {unknown}
 h - a scroll of identify
 i - a scroll of amnesia
 k - 2 scrolls of enchant weapon {unknown}
 n - 2 scrolls of fear {unknown}
 p - a scroll of noise {unknown}
 t - a scroll of teleportation {unknown}
Potions
 o - a potion of degeneration
 r - 2 potions of might
 s - a potion of agility
Comestibles
 f - 8 rations


   Skills:
 + Level 4.4(4.2) Fighting
 + Level 4.4(4.2) Short Blades
 * Level 7.9(7.6) Crossbows
 - Level 2.4(2.2) Dodging
 - Level 1.3(1.1) Stealth


You had 6 spell levels left.
You didn't know any spells.
Your spell library was empty.

Dungeon Overview and Level Annotations

Branches:
Dungeon (4/15)
 Temple: D:4-7

Altars:
Hepliaklqana

Annotations:
D:3 Dowan, Duvessa


Innate Abilities, Weirdness & Mutations

You are small and have problems with some larger weapons.
You are carnivorous and can eat meat at any time.


Message History

You shoot a bolt. The bolt closely misses Duvessa.
Dowan hits you with a +3 dagger of protection.
Duvessa barely misses you.
Dowan whispers, "It won't be long now."
Dowan hits you with a +3 dagger of protection.
Duvessa hits you with a +2 rapier of speed!
Firing (i - inventory)
d - 6 bolts (quivered)
Press: ? - help, Shift-Dir - straight line, f/p - Duvessa
Aim: Duvessa, wielding a +2 rapier of speed and wearing a +0 leather armour (heavily wounded)
You shoot a bolt. The bolt hits Duvessa.
Duvessa is heavily wounded.
Duvessa hits you with a +2 rapier of speed!
* * * LOW HITPOINT WARNING * * *
Dowan misses you.
Okay, then.
As you read the scroll labeled EGRUMM XEMN, it crumbles to dust.
It is a scroll of amnesia.
You feel forgetful for a moment.
Duvessa hits you with a +2 rapier of speed!
You die...

## ##.....###....# #....# .#
####...#######.#.#### #....##
.####......#####...#....# ####...
.................######.###......
.####....######.....###...#.#####
.# ##..## ##..##.........### ##
♣PPP.♣ ###...............<###
♣♣...♣ #...[############....# ##
♣♣.♣♣ #....@## ##.... .# ♣♣.♣
#(..ee.# ####. .# ♣.♣♣ #....>.#
## ## ♣♣.♣ #......# ♣.♣♣ #......#
##'## #......# #...# #......#
#...# #(....## #)..# #....##


You could see Duvessa and Dowan.

Vanquished Creatures
  Grinder (D:3)
  Sigmund (D:3)
  Crazy Yiuf (D:3)
  A gnoll (D:1)
  3 adders
  2 worms (D:2)
  A dart slug (D:1)
  9 orcs
  3 bats
  4 giant cockroaches
  3 goblins
  12 hobgoblins
  A frilled lizard (D:2)
  8 kobolds
  4 rats
54 creatures vanquished.

Notes
Turn   | Place    | Note
-------+----------+-------------------------------------------
     0 | D:1      | IBeShadow the Kobold Hunter began the quest for the Orb.
     0 | D:1      | Reached XP level 1. HP: 12/12 MP: 1/1
   162 | D:1      | Reached skill level 5 in Crossbows
   395 | D:1      | Reached XP level 2. HP: 18/18 MP: 2/2
   493 | D:1      | Reached skill level 1 in Short Blades
  1165 | D:1      | Reached XP level 3. HP: 18/22 MP: 3/3
  1461 | D:1      | Found a hazy altar of Hepliaklqana.
  1652 | D:2      | Reached XP level 4. HP: 27/27 MP: 4/4
  2408 | D:3      | Noticed Sigmund
  2420 | D:3      | Killed Sigmund
  2420 | D:3      | Reached skill level 6 in Crossbows
  2420 | D:3      | Reached XP level 5. HP: 33/33 MP: 5/5
  2420 | D:3      | Reached XP level 6. HP: 38/38 MP: 6/6
  2709 | D:3      | Reached skill level 7 in Crossbows
  3062 | D:3      | Found a runed translucent door.
  3063 | D:3      | Noticed Crazy Yiuf
  3075 | D:3      | Noticed Grinder
  3093 | D:3      | Paralysed by Grinder for 4 turns
  3106 | D:3      | Killed Grinder
  3106 | D:3      | Reached XP level 7. HP: 9/44 MP: 7/7
  3895 | D:3      | Killed Crazy Yiuf
  4275 | D:4      | Noticed Duvessa
  4276 | D:4      | Noticed Dowan
  4410 | D:3      | Slain by Duvessa

Skill      XL: |  1  2  3  4  5  6 |
---------------+-------------------+-----
Crossbows      | 5 6 7 |  7.9
Short Blades   | 1 3 4 |  4.4
Fighting       | 3 4 |  4.4
Dodging        | |  2.4
Stealth        | |  1.3

Action                   |  1- 3 |  4- 6 |  7- 9 || total
-------------------------+-------+-------+-------++-------
Melee: Short sword       |   117 |    64 |       ||   181
 Fire: Hand crossbow     |     2 |    53 |    38 ||    93
  Use: Potion            |       |     3 |     2 ||     5
       Scroll            |       |       |     4 ||     4
 Stab: Sleeping          |     6 |     1 |       ||     7
  Eat: Chunk             |    10 |     5 |     1 ||    16
Armor: Leather armour    |    26 |    27 |     3 ||    56
       Skin              |       |     4 |       ||     4
Dodge: Dodged            |    88 |    62 |    16 ||   166
